 Dungeon Crawl Stone Soup version 0.21.1-1-g345015f (webtiles) character file.

115 empire the Skirmisher (level 4, -1/40 HPs)
             Began as a Minotaur Fighter on June 7, 2018.
             Slain by Sigmund
             ... wielding a +3 scythe of distortion
              (5 damage)
             ... on level 3 of the Dungeon.
             The game lasted 00:02:42 (1244 turns).

empire the Skirmisher (Minotaur Fighter)            Turns: 1244, Time: 00:02:42

Health: -1/40      AC: 10    Str: 27    XL:     4   Next: 68%
Magic:  3/3        EV:  7    Int:  5    God:
Gold:   150        SH: 10    Dex:  9    Spells: 3/3 levels left

rFire    . . .     SeeInvis .   a - +0 long sword
rCold    . . .     Gourm    .   c - +0 shield
rNeg     . . .     Faith    .   n - +0 chain mail
rPois    .         Spirit   .   (helmet restricted)
rElec    .         Reflect  .   (no cloak)
rCorr    .         Harm     .   e - +0 pair of gloves
MR       +....                  (no boots)
Stlth    ..........             (no amulet)
HPRegen  0.13/turn              m - ring of protection from magic
MPRegen  0.08/turn              (no ring)

@: mighty, hasted, very quick
A: retaliatory headbutt, horns 2
a: no special abilities


You were on level 3 of the Dungeon.
You were not hungry.

You visited 1 branch of the dungeon, and saw 3 of its levels.

You collected 150 gold pieces.

Inventory:

Hand Weapons
 a - a +0 long sword (weapon)
Armour
 c - a +0 shield (worn)
 e - a +0 pair of gloves (worn)
 n - a +0 chain mail (worn)
Jewellery
 m - a ring of protection from magic (left hand)
Scrolls
 g - 2 scrolls of identify {unknown}
 h - a scroll of blinking {unknown}
 i - a scroll of enchant armour {unknown}
 k - a scroll of enchant weapon {unknown}
 l - a scroll of immolation {unknown}
 o - 2 scrolls of magic mapping {unknown}
 p - a scroll of teleportation {unknown}
Comestibles
 f - 3 rations


   Skills:
 + Level 4.2 Fighting
 * Level 3.8 Long Blades
 + Level 4.1 Armour
 * Level 2.5 Dodging
 - Level 4.0 Shields


You had 3 spell levels left.
You didn't know any spells.

Dungeon Overview and Level Annotations

Branches:
Dungeon (3/15)

Altars:
Uskayaw

Annotations:
D:3 Sigmund


Innate Abilities, Weirdness & Mutations

You reflexively headbutt those who attack you in melee.
You have a pair of horns on your head.


Message History

You feel stronger. The adder bites you but does no damage.
You block something's attack. The rat bites you but does no damage.
The adder barely misses you. You furiously retaliate!
You headbutt the adder!
You kill the adder!
You closely miss the rat. Something hits you but does no damage.
Space bends around you.
* * * LOW HITPOINT WARNING * * *
You block the rat's attack.
Unknown command.
You closely miss the rat. The rat bites you but does no damage.
Unknown command.
You barely miss the rat. Something hits you but does no damage.
Space bends around you.
* * * LOW HITPOINT WARNING * * *
You aren't carrying any potions.
You hit the rat.
You kill the rat!
Something hits you.
You die...

.......(......#
..............#
..............#
..............###
............>.'.
......w.......###
#.....†......#
#............#.......
#.....@{.....#........
#########.####........
#########.## #........
...........# #........
#########..# #........
.........###........
....................
.........##.........
#............##.####+###


You could see a worm.

Vanquished Creatures
  The ghost of CptBowmore the Ruffian, a weakling TrBe of Trog (D:3)
  4 adders
  A worm (D:2)
  3 goblins
  5 hobgoblins
  6 kobolds
  A quokka (D:2)
  A ball python (D:1)
  3 bats (D:1)
  A frilled lizard (D:1)
  7 rats
33 creatures vanquished.

Notes
Turn   | Place    | Note
-------+----------+-------------------------------------------
     0 | D:1      | empire the Minotaur Fighter began the quest for the Orb.
     0 | D:1      | Reached XP level 1. HP: 19/19 MP: 0/0
   220 | D:1      | Reached XP level 2. HP: 26/27 MP: 1/1
   346 | D:1      | Reached skill level 1 in Dodging
   720 | D:2      | Reached XP level 3. HP: 31/33 MP: 2/2
   880 | D:2      | Found a hide-covered altar of Uskayaw.
  1224 | D:3      | Noticed Sigmund
  1230 | D:3      | Noticed CptBowmore's ghost (weakling TrBe)
  1239 | D:3      | Killed CptBowmore's ghost
  1239 | D:3      | Reached XP level 4. HP: 10/40 MP: 3/3
  1244 | D:3      | Slain by Sigmund

Skill      XL: |  1  2  3 |
---------------+----------+-----
Dodging        | 1 2 |  2.5
Long Blades    | 3 |  3.8
Fighting       | 4 |  4.2
Shields        | 4 |  4.0
Armour         | 4 |  4.1

Action                   |  1- 3 |  4- 6 || total
-------------------------+-------+-------++-------
Melee: Long sword        |   105 |     4 ||   109
       Headbutt          |    12 |       ||    12
  Use: Potion            |     4 |       ||     4
  Eat: Chunk             |     1 |       ||     1
Armor: Scale mail        |    17 |       ||    17
       Chain mail        |    44 |     5 ||    49
Dodge: Dodged            |    32 |     1 ||    33
Block: Shield            |    64 |     2 ||    66
       Rpst.: Long sword |     6 |       ||     6
